 Dungeon Crawl Stone Soup version 0.23-a0-49-gd9f7a49 (webtiles) character file.

55 inc the Conjurer (level 3, 0/24 HPs)
             Began as a Mummy Fire Elementalist on Aug 7, 2018.
             Slain by an adder (4 damage)
             ... on level 2 of the Dungeon.
             The game lasted 00:02:09 (1365 turns).

inc the Conjurer (Mummy Fire Elementalist)          Turns: 1365, Time: 00:02:10

Health: 0/24       AC:  2    Str: 11    XL:     3   Next: 67%
Magic:  0/7        EV: 12    Int: 15    God:
Gold:   60         SH:  0    Dex: 12    Spells: 6/7 levels left

rFire    x . .     SeeInvis .   (no weapon)
rCold    + . .     Gourm    .   (no shield)
rNeg     + + +     Faith    .   a - +0 robe
rPois    ∞         Spirit   .   (no helmet)
rElec    .         Reflect  .   (no cloak)
rCorr    .         Harm     .   (no gloves)
MR       .....                  (no boots)
Stlth    ++........             (no amulet)
HPRegen  0.08/turn              (no ring)
MPRegen  0.10/turn              (no ring)

@: no status effects
A: no food or potions, fire vulnerability, cold resistance 1, negative energy
resistance 3, torment resistance, unbreathing
a: no special abilities


You were on level 2 of the Dungeon.
You were not hungry.

You visited 1 branch of the dungeon, and saw 2 of its levels.

You collected 60 gold pieces.

Inventory:

Armour
 a - a +0 robe (worn)
Jewellery
 i - a cursed ring of attention {unknown}
 j - an uncursed ring of see invisible {unknown}
Scrolls
 b - 2 scrolls of blinking {unknown}
 d - a scroll of remove curse {unknown}
 e - a scroll of fog {unknown}
 f - a scroll of identify {unknown}
 g - 2 scrolls of immolation {unknown}
 k - a scroll of magic mapping {unknown}
 l - a scroll of teleportation {unknown}
Potions
 h - 3 potions of haste {unknown}
Comestibles
 c - a ration


   Skills:
 - Level 1.5 Dodging
 - Level 1.5 Stealth
 - Level 2.6 Spellcasting
 + Level 3.0 Conjurations
 - Level 2.4 Fire Magic


You had 6 spell levels left.
You knew the following spells:

 Your Spells              Type           Power        Failure   Level  Hunger
a - Flame Tongue          Conj/Fire      ##...        7%          1    N/A

Your spell library contained the following spells:

 Spells                   Type           Power        Failure   Level  Hunger
 Fireball                 Conj/Fire      ##........   88%         5    N/A
 Conjure Flame            Conj/Fire      ##......     21%         3    N/A
 Throw Flame              Conj/Fire      ##....       11%         2    N/A
 Sticky Flame             Conj/Fire      ##......     56%         4    N/A
 Inner Flame              Hex/Fire       #.......     36%         3    N/A

Dungeon Overview and Level Annotations

Branches:
Dungeon (2/15)

Altars:


Innate Abilities, Weirdness & Mutations

You do not eat or drink.
Your flesh is vulnerable to fire.
You are immune to poison.
Your flesh is cold resistant. (rC+)
You are immune to negative energy. (rN+++)
You are immune to unholy pain and torment.
You can survive without breathing.


Message History

You don't have enough magic to cast that spell.
Casting: Flame Tongue (safe; 7% risk of failure)
Confirm with . or Enter, or press ? or * to list all spells.
You don't have enough magic to cast that spell.
Casting: Flame Tongue (safe; 7% risk of failure)
Confirm with . or Enter, or press ? or * to list all spells.
You don't have enough magic to cast that spell.
The adder closely misses you.
Casting: Flame Tongue (safe; 7% risk of failure)
Confirm with . or Enter, or press ? or * to list all spells.
You don't have enough magic to cast that spell.
Casting: Flame Tongue (safe; 7% risk of failure)
Confirm with . or Enter, or press ? or * to list all spells.
You don't have enough magic to cast that spell.
You see here a leather armour.
Casting: Flame Tongue (safe; 7% risk of failure)
Confirm with . or Enter, or press ? or * to list all spells.
You don't have enough magic to cast that spell.
The adder bites you.
You die...

####..........†...#
.....#....†..†...##
#....#.......†...# #....#
######.##.# ########
.....#####....##.#####..(...#
#.............#.##.##......#
##.....##...###.##..#..<...#
##.##......# #.##..#......#
#..####...###@##..#.###.##
##.## #...##[S##....# #.##
#..# #...##.###...####..##
##.###...##g# #......##..#
#...#..<##.###)####..##.# .
###.#...##g##..# ##.##.# #
#..#####..÷..# #....# ) ##.#
##[.##.# ###..# . #.#
#(..##.# #..##


You could see an adder, a hobgoblin and a goblin.

Vanquished Creatures
  2 oozes
  2 dart slugs
  2 giant cockroaches
  7 goblins
  5 hobgoblins
  2 jackals (D:2)
  2 kobolds (D:1)
  8 bats
  4 frilled lizards (D:1)
  6 rats
40 creatures vanquished.

Vanquished Creatures (others)
  An octopode (D:1)
  3 elves (D:1)
  A troll (D:1)
  2 spriggans (D:1)
  2 nagas (D:1)
  2 centaurs (D:1)
  2 mummies (D:1)
  2 kobolds (D:1)
  5 tentacles (D:1)
20 creatures vanquished.

Grand Total: 60 creatures vanquished

Notes
Turn   | Place    | Note
-------+----------+-------------------------------------------
     0 | D:1      | inc the Mummy Fire Elementalist began the quest for the Orb.
     0 | D:1      | Reached XP level 1. HP: 13/13 MP: 4/4
     2 | D:1      | Noticed an elf
     2 | D:1      | Noticed an elf
     2 | D:1      | Noticed a naga
     2 | D:1      | Noticed a naga
     2 | D:1      | Noticed a spriggan
     2 | D:1      | Noticed a troll
     2 | D:1      | Noticed a kraken
     2 | D:1      | Noticed an octopode
     2 | D:1      | Noticed an elf
     2 | D:1      | Noticed a centaur
     2 | D:1      | Noticed a spriggan
     2 | D:1      | Noticed a centaur
     4 | D:1      | Killed a spriggan
     4 | D:1      | Killed a naga
     5 | D:1      | Killed a naga
     8 | D:1      | Killed an octopode
     8 | D:1      | Killed a centaur
     8 | D:1      | Killed a centaur
    11 | D:1      | Killed an elf
    11 | D:1      | Killed a spriggan
    13 | D:1      | Killed an elf
    13 | D:1      | Killed an elf
    13 | D:1      | Killed a troll
    20 | D:1      | Reached skill level 1 in Conjurations
   206 | D:1      | Reached XP level 2. HP: 19/19 MP: 0/5
   347 | D:1      | Reached skill level 2 in Conjurations
   678 | D:1      | Reached XP level 3. HP: 23/24 MP: 1/7
  1312 | D:2      | Reached skill level 3 in Conjurations
  1365 | D:2      | Slain by an adder

Vault maps used:
D:1:      nicolae_arrival_kraken_aquarium_b, hex_medium
D:2:      minmay_pentomino_s4

Skill      XL: |  1  2  3 |
---------------+----------+-----
Conjurations   | 1 2 3 |  3.0
Dodging        | |  1.5
Stealth        | |  1.5
Spellcasting   | |  2.6
Fire Magic     | |  2.4

Action                   || total
-------------------------++-------
Melee: Unarmed           ||     6
 Cast: Flame Tongue      ||    75
Armor: Robe              ||     9
Dodge: Dodged            ||    40

Table legend:
 A = Spawn XP
 B = Non-spawn XP
 C = Spawn XP percentage of total XP
 D = Spawn monster count
 E = Non-spawn monster count
 F = Spawn count percentage of total count
 G = Total turns spent on level
                    A         B        C        D         E        F      G
               +---------+---------+-------+---------+---------+-------+---------
         Total |       0 |      79 |   0.0 |       0 |      40 |   0.0 |  1365
               +---------+---------+-------+---------+---------+-------+---------
           D:1 |       0 |      46 |   0.0 |       0 |      25 |   0.0 |  1002
           D:2 |       0 |      33 |   0.0 |       0 |      15 |   0.0 |   363
               +---------+---------+-------+---------+---------+-------+---------
